 Dungeon Crawl Stone Soup version 0.22-a0-409-gb855193 (webtiles) character file.

55 VDreamerV the Changer (level 3, -3/23 HPs)
             Began as an Octopode Transmuter on May 11, 2018.
             Slain by Natasha (6 damage)
             ... on level 2 of the Dungeon.
             The game lasted 00:04:12 (1535 turns).

VDreamerV the Changer (Octopode Transmuter)         Turns: 1535, Time: 00:04:13

Health: -3/23      AC:  2    Str:  9    XL:     3   Next: 93%
Magic:  3/6        EV: 19    Int: 16    God:
Gold:   86         SH:  0    Dex: 17    Spells: 3/7 levels left

rFire    . . .     SeeInvis .     - Unarmed
rCold    . . .     Gourm    .   (shield currently unavailable)
rNeg     . . .     Faith    .   (helmet currently unavailable)
rPois    x         Spirit   .   (no amulet)
rElec    .         Reflect  .   (no ring)
rCorr    .         Harm     .   (no ring)
MR       .....                  (no ring)
Stlth    ++........             (no ring)
HPRegen  0.07/turn              (no ring)
MPRegen  0.10/turn              (no ring)
                                (no ring)
                                (no ring)

@: spider-form
A: tiny, almost no armour, stealthy swim, (amphibious), 8 rings, (constrict 8)
a: End Transformation


You were on level 2 of the Dungeon.
You were not hungry.
You were a venomous arachnid creature.
You visited 1 branch of the dungeon, and saw 2 of its levels.

You collected 86 gold pieces.

Inventory:

Missiles
 a - 12 arrows
Scrolls
 b - a scroll of noise {unknown}
 e - a scroll of fog {unknown}
 f - a scroll of immolation {unknown}
 g - 3 scrolls of remove curse {unknown}
 h - 2 scrolls of identify {unknown}
Potions
 d - 2 potions of brilliance {unknown}
 i - a potion of berserk rage {unknown}
 k - a potion of cancellation {unknown}
Comestibles
 c - 5 rations
 j - 6 chunks of flesh


   Skills:
 - Level 1.0 Fighting
 - Level 2.0 Dodging
 - Level 3.0 Unarmed Combat
 - Level 2.5 Spellcasting
 + Level 3.6 Transmutations


You had 3 spell levels left.
You knew the following spells:

 Your Spells              Type           Power        Failure   Level  Hunger
a - Beastly Appendage     Tmut           ##....       13%         1    #......
b - Spider Form           Tmut/Pois      #.........   50%         3    ###....


Dungeon Overview and Level Annotations

Branches:
Dungeon (2/15)

Altars:
Dithmenos

Annotations:
D:2 Natasha


Innate Abilities, Weirdness & Mutations

You cannot wear most types of armour.
You are very stealthy in the water. (Stealth+)
((You are amphibious.))
You can wear up to eight rings at the same time.
((You can use your tentacles to constrict eight enemies at once.))
((Your skin changes colour to match your surroundings (Stealth+).))
((Your rubbery body absorbs attacks. (AC +1, EV +1)))


Message History

You turn into a venomous arachnid creature.
Natasha hisses angrily.
Natasha casts a spell at you. The magic dart hits you!
Natasha mumbles some strange words.
You hit Natasha.
Natasha is poisoned.
Natasha is moderately wounded.
Natasha misses you.
You hit Natasha.
Natasha is heavily wounded.
The white imp gestures at you. The puff of frost hits you!
* * * LOW HITPOINT WARNING * * *
Natasha closely misses you.
You hit Natasha but do no damage.
Natasha is heavily wounded.
You hit Natasha.
Natasha looks even sicker.
Natasha is almost dead.
Natasha claws you.
You die...

#..#.......#.# #......
#..#.......#.# #......
#......_.....# #......
#..#.......#.# #......
##..#.......#.###.....#
#...##.....##..........
#...####.####..........
#..(.h.................
###.5.s................
###..................
#..................
...................
.........>..........
.....................
##..####.##...........
... .###..#....### ...


You could see Natasha and a white imp.

Vanquished Creatures
  2 adders (D:2)
  An ooze (D:2)
  A worm (D:2)
  A dart slug (D:2)
  4 bats
  3 giant cockroaches
  2 goblins (D:1)
  4 hobgoblins
  4 frilled lizards
  2 kobolds
  4 rats
28 creatures vanquished.

Notes
Turn   | Place    | Note
-------+----------+-------------------------------------------
     0 | D:1      | VDreamerV the Octopode Transmuter began the quest for the Orb.
     0 | D:1      | Reached XP level 1. HP: 13/13 MP: 3/3
   561 | D:1      | Reached XP level 2. HP: 18/18 MP: 5/5
  1076 | D:2      | Reached XP level 3. HP: 13/23 MP: 6/6
  1389 | D:2      | Learned a level 3 spell: Spider Form
  1489 | D:2      | Found a shadowy altar of Dithmenos.
  1504 | D:2      | Noticed Natasha
  1535 | D:2      | Slain by Natasha

Vault maps used:
D:1:      dpeg_arrival_windows_large_door
D:2:      lemuel_round_altar, old_standard_altar, overflow_temple_1_default,
          minmay_unequal, uniq_jessica, uniq_natasha

Skill      XL: |  1  2 |
---------------+-------+-----
Transmutations | 3 |  3.6
Fighting       | |  1.0
Dodging        | |  2.0
Unarmed Combat | |  3.0
Spellcasting   | |  2.5

Action                   || total
-------------------------++-------
Melee: Unarmed           ||    69
       Constrict         ||    17
       Kick              ||     5
       Tentacles         ||    11
       Punch             ||     1
 Cast: Beastly Appendage ||     4
       Spider Form       ||     1
 Stab: Sleeping          ||     2
  Eat: Chunk             ||     2
Armor: Skin              ||     2
Dodge: Dodged            ||    48

Table legend:
 A = Spawn XP
 B = Non-spawn XP
 C = Spawn XP percentage of total XP
 D = Spawn monster count
 E = Non-spawn monster count
 F = Spawn count percentage of total count
 G = Total turns spent on level
                    A         B        C        D         E        F      G
               +---------+---------+-------+---------+---------+-------+---------
         Total |       0 |      79 |   0.0 |       0 |      28 |   0.0 |  1535
               +---------+---------+-------+---------+---------+-------+---------
           D:1 |       0 |      21 |   0.0 |       0 |      13 |   0.0 |  1225
           D:2 |       0 |      58 |   0.0 |       0 |      15 |   0.0 |   310
               +---------+---------+-------+---------+---------+-------+---------
